 Dungeon Crawl Stone Soup version 0.31-a0-1001-g770356a (webtiles) character file.

Game seed: 4407690457297031705

17591 Spoofaccount the Fighter (level 12, -25/101 HPs)
             Began as a Djinni Fire Elementalist on Nov 8, 2023.
             Was a High Priest of Makhleb.
             Killed from afar by a wretched star (36 damage)
             ... with a lance of force
             ... on level 1 of the Abyss.
             The game lasted 00:25:04 (14786 turns).

Spoofaccount the Fighter (DjFE)                    Turns: 14786, Time: 00:25:05

Health: -25/101    AC:  7    Str:  7    XL:     12   Next: 84%
Gold:   653        EV: 13    Int: 25    God:    Makhleb [*****.] SH:  0 Dex: 18

rFire   + + .        o - +10 sling "Cyffal" {elec, rC+ Dex+3 Stlth+}
rCold   + . .        (no shield)
rNeg    . . .        u - +1 robe of Ciqoji {rC+ Int+2 Archmagi}
rPois   ∞            d - +2 helmet
rElec   .            e - scarf {harm}
rCorr   .            a - +0 pair of gloves
SInv    +            (boots unavailable)
Will    +....        j - amulet of the acrobat
Stlth   ++++         g - ring of see invisible
HPRegen 0.36/turn    h - +6 ring of intelligence
MPRegen 0.00/turn

%: harm (+30% outgoing, +20% incoming), acrobat, archmagi, infuse magic (-26 HP)
@: about to teleport, flying, studying Fighting
A: sickness immunity, fire resistance 2, cold vulnerability 1, float, innate
caster, HP casting, extra vitality 1, [dopey 2]
a: Renounce Religion, Minor Destruction, Lesser Servant of Makhleb, Major
Destruction, Greater Servant of Makhleb


You were on level 1 of the Abyss.
You worshipped Makhleb.
Makhleb was extremely pleased with you.
You visited 2 branches of the dungeon, and saw 12 of its levels.
You visited the Abyss 1 time.
You also visited: Bailey.

You collected 653 gold pieces.

Inventory:

Hand Weapons
 c - a +1 dagger of freezing
 o - the +10 sling "Cyffal" (weapon) {elec, rC+ Dex+3 Stlth+}
   (You found it on level 7 of the Dungeon)

   Dex+3:     It affects your dexterity (+3).
   rC+:       It protects you from cold.
   Stlth+:    It makes you more stealthy.
Missiles
 i - a throwing net
Armour
 a - a +0 pair of gloves (worn)
 d - a +2 helmet (worn)
 e - a scarf of harm (worn)
 q - the +1 robe of Vexation {rElec Str+3}
   (You took it off an orc on level 7 of the Dungeon)

   Str+3:     It affects your strength (+3).
   rElec:     It insulates you from electricity.
 t - a +0 cloak
 u - the +1 robe of Ciqoji (worn) {rC+ Int+2 Archmagi}
   (You took it off an orc wizard on level 8 of the Dungeon)

   Int+2:     It affects your intelligence (+2).
   rC+:       It protects you from cold.
   Archmagi:  It increases the power of your magical spells.
 w - a +0 troll leather armour
 A - the +0 ring mail of Poor Excuses {Regen+ Stlth+}
   (You found it in a bailey)

   Regen+:    It increases your rate of health regeneration.
   Stlth+:    It makes you more stealthy.
Jewellery
 g - a ring of see invisible (left hand)
 h - a +6 ring of intelligence (right hand)
 j - an amulet of the acrobat (around neck)
 v - a +6 ring of strength
 C - a ring of ice
Wands
 k - a wand of flame (76)
 B - a wand of polymorph (6)
Scrolls
 b - a scroll of teleportation
 p - 3 scrolls of identify
 r - a scroll of silence
 x - a scroll of poison
 y - 4 scrolls of enchant armour
 D - a scroll of brand weapon
Potions
 f - 2 potions of resistance
 l - a potion of curing
 m - a potion of ambrosia
 s - 2 potions of brilliance
 z - a potion of cancellation


   Skills:
 * Level 14.5 Fighting
 + Level 1.0 Ranged Weapons
 + Level 3.5 Dodging
 + Level 3.7 Stealth
 * Level 11.1 Spellcasting
 * Level 11.1 Conjurations
 * Level 11.1 Hexes
 * Level 11.1 Summonings
 * Level 11.1 Necromancy
 * Level 11.1 Translocations
 * Level 11.1 Transmutations
 * Level 11.1 Fire Magic
 * Level 11.1 Ice Magic
 * Level 11.1 Air Magic
 * Level 11.1 Earth Magic
 * Level 11.1 Poison Magic


You knew the following spells:

 Your Spells              Type           Power      Damage    Failure   Level
a - Foxfire               Conj/Fire      100%       2x1d9     1%          1
b - Scorch                Fire           100%       2d9       1%          2
c - Volatile Blastmotes   Fire/Tloc      100%       2d18      1%          3
d - Inner Flame           Hex/Fire       81%        N/A       1%          3
e - Flame Wave            Conj/Fire      81%        2d18      1%          4
f - Necrotise             Necr           100%       1d9       1%          1
g - Wereblood             Tmut           81%        N/A       1%          2
h - Jinxbite              Hex            100%       N/A       1%          2
i - Animate Armour        Summ/Erth      100%       N/A       1%          4
j - Dispel Undead         Necr           81%        3d26      1%          4
Your spell library was empty.

Dungeon Overview and Level Annotations

Branches:
Dungeon (11/15)            Temple (1/1) D:5            Lair (0/5) D:10
 Bailey (visited)
    Orc: D:9-12

Altars:
Ashenzari
Cheibriados
Dithmenos
Elyvilon
Fedhas
Gozag
Hepliaklqana
Makhleb
Nemelex Xobeh
Okawaru
Qazlal
Ru
Trog
Uskayaw
Wu Jian
Xom
Yredelemnul
Zin
The Shining One

Shops:
D:6 :   D:7 *   D:11 ::

Annotations:
D:4 exclusion: statue
D:6 1 runed translucent door, Hug's ghost, novice VSSh
D:11 Erolcha


Innate Abilities, Weirdness & Mutations

You are immune to sickness and miasma.
You are immune to poison.
Your flesh is very heat resistant. (rF++)
You are vulnerable to cold. (rC-)
You float through the air rather than walking.
You learn spells naturally, not from books.
Your magical power is your life essence.
You have superior vitality. (+4 MHP)
[You are very dopey. (Int -4)]


Message History

(Press . to intensify the flame waves.)
The sun demon hits you but does no damage.
Unknown command.
A wave of flame ripples out!
The flame wave engulfs the large abomination!
The large abomination is severely damaged.
The flame wave engulfs the sun demon.
The sun demon completely resists.
A sun demon comes into view.
The large abomination hits you but does no damage.
The sun demon hits you!!
You are engulfed in flames.
You resist.
You feel much better. The sun demon barely misses you.
The large abomination barely misses you.
The smoke demon is engulfed in blazing flames.
A shadow wraith comes into view.
Unknown command.
The sun demon attacks as it pursues you!
The sun demon completely misses you. The large abomination hits you!
An ancient zyme comes into view.
The shadow wraith gives a chilling moan.
You feel much better. The sun demon hits you!
You are engulfed in flames.
You resist. The sun demon hits you!
You are engulfed in flames.
You resist.
* * * LOW HITPOINT WARNING * * *
The sun demon barely misses you. The large abomination misses you.
The wretched star pulses with an eldritch light!
You feel stupid. The sun demon barely misses you.
The wretched star glows turbulently.
The lance of force hits you!
* * * LOW HITPOINT WARNING * * *
You are knocked back by the lance of force.
You slam into the crystal wall!
* * * LOW HITPOINT WARNING * * *
The shadow wraith attacks as it pursues you!
The shadow wraith hits you but does no damage.
Unknown command.
You feel better. The sun demon barely misses you.
The wretched star glows turbulently.
The lance of force hits you!!
You die...

~ ~ # ≈ ..# . .. ##
#### #..#.#. X ##
.......## ~~ ~♣#
~~~~#.@########.#.
~≈~~*~≈W333.##§§#~..
~~~~~~~3~X≈~R2○2~~#
≈~≈≈~♣x≈~≈.#)##.°##
###.##.######### ☼#
#.... . . ## #☼
#.#..## . . #.. ##


You could see a balrug, a wretched star, 3 sun demons, a shadow wraith
(invisible), an ancient zyme, a large abomination, a smoke demon and an efreet.

Vanquished Creatures
  A tentacled starspawn (Abyss:1)
  Fannar (D:10)
  A two-headed ogre (D:11)
  A deep elf pyromancer (D:11)
  Pikel (D:5)
  A worldbinder (Abyss:1)
  A manticore (D:11)
  2 unseen horrors
  Jeremiah (D:8)
  2 kobold demonologists
  Psyche (D:11)
  A hornet (D:9)
  A troll (D:9)
  Grinder (D:5)
  6 slime creatures (D:11)
  Sigmund (D:5)
  A shadow (D:9)
  A wraith (D:11)
  20 yaks
  Eustachio (D:6)
  A wyvern (D:8)
  4 steam dragons
  Edmund (D:5)
  16 orc warriors
  2 ice beasts (D:7)
  2 black bears (D:6)
  A sky beast (D:7)
  14 centaurs
  2 lemures (D:5)
  Blork the orc (D:6)
  6 bullfrogs
  3 scorpions
  2 gnoll sergeants
  8 wights
  10 killer bees
  3 jellies
  2 hounds
  2 sleepcaps
  6 orc priests
  3 gnoll boudas
  Ijyb (D:5)
  6 iguanas
  15 orc wizards
  Robin (D:3)
  32 gnolls
  10 adders
  2 shadow imps
  6 ufetubi
  A worm (D:2)
  2 dart slugs
  51 orcs
  6 ball pythons
  6 endoplasms
  11 goblins
  14 hobgoblins
  6 jackals (D:4)
  3 kobolds
  2 quokkas
  6 bats
  2 frilled lizards
  3 rats
321 creatures vanquished.

Vanquished Creatures (collateral kills)
  A foxfire (D:8)
1 creature vanquished.

Vanquished Creatures (others)
  905 foxfires
  2 starspawn tentacles (Abyss:1)
907 creatures vanquished.

Grand Total: 1229 creatures vanquished

Notes
Turn   | Place    | Note
-------+----------+-------------------------------------------
     0 | D:1      | Spoofaccount the Djinni Fire Elementalist began the quest
                  | for the Orb.
     0 | D:1      | Spoofaccount set off with the following spells memorised:
                  | Foxfire, Scorch, Volatile Blastmotes, Inner Flame, Flame
                  | Wave.
     0 | D:1      | Reached XP level 1. HP: 15/15 MP: 0/0
   315 | D:1      | Reached XP level 2. HP: 17/21 MP: 0/0
   614 | D:1      | Found a faded altar of an unknown god.
  1180 | D:2      | Reached skill level 1 in Fighting
  1210 | D:2      | Reached XP level 3. HP: 22/27 MP: 0/0
  1210 | D:2      | Learned a level 1 spell: Necrotise
  1701 | D:2      | Reached XP level 4. HP: 24/33 MP: 0/0
  1864 | D:2      | Reached skill level 2 in Fighting
  2660 | D:3      | Reached XP level 5. HP: 35/39 MP: 0/0
  2660 | D:3      | Learned a level 2 spell: Wereblood
  2742 | D:3      | Noticed Robin
  2745 | D:3      | Killed Robin
  3228 | D:4      | Reached skill level 3 in Fighting
  3285 | D:4      | Noticed a frost-covered statue
  3322 | D:4      | Reached XP level 6. HP: 41/46 MP: 0/0
  4030 | D:4      | Reached skill level 4 in Fighting
  4030 | D:4      | Reached XP level 7. HP: 25/52 MP: 0/0
  4030 | D:4      | Learned a level 2 spell: Jinxbite
  4612 | D:5      | Entered Level 5 of the Dungeon
  4742 | D:5      | Noticed Pikel
  4759 | D:5      | Killed Pikel
  4760 | D:5      | Reached skill level 5 in Fighting
  4760 | D:5      | Reached skill level 5 in Spellcasting
  4760 | D:5      | Reached skill level 5 in Conjurations
  4760 | D:5      | Reached skill level 5 in Hexes
  4760 | D:5      | Reached skill level 5 in Summonings
  4760 | D:5      | Reached skill level 5 in Necromancy
  4760 | D:5      | Reached skill level 5 in Translocations
  4760 | D:5      | Reached skill level 5 in Transmutations
  4760 | D:5      | Reached skill level 5 in Fire Magic
  4760 | D:5      | Reached skill level 5 in Ice Magic
  4760 | D:5      | Reached skill level 5 in Air Magic
  4760 | D:5      | Reached skill level 5 in Earth Magic
  4760 | D:5      | Reached skill level 5 in Poison Magic
  4760 | D:5      | Reached XP level 8. HP: 33/60 MP: 0/0
  4903 | D:5      | Noticed Ijyb
  4911 | D:5      | Noticed Grinder
  4911 | D:5      | Killed Ijyb
  4915 | D:5      | Paralysed by Grinder for 5 turns
  4921 | D:5      | Paralysed by Grinder for 3 turns
  4922 | D:5      | Killed Grinder
  5062 | D:5      | Reached skill level 6 in Fighting
  5272 | D:5      | Noticed Edmund
  5277 | D:5      | Killed Edmund
  5284 | D:5      | Noticed Sigmund
  5287 | D:5      | Killed Sigmund
  5288 | D:5      | Reached XP level 9. HP: 55/67 MP: 0/0
  5288 | D:5      | Learned a level 4 spell: Animate Armour
  5472 | D:5      | Found a glowing silver altar of Zin.
  5757 | D:5      | Reached skill level 7 in Fighting
  5860 | D:5      | Found a staircase to the Ecumenical Temple.
  5879 | Temple   | Entered the Ecumenical Temple
  6172 | D:6      | Noticed Blork the orc
  6641 | D:6      | Found a burning altar of Makhleb.
  6735 | D:6      | Became a worshipper of Makhleb the Destroyer
  6892 | D:6      | Reached skill level 8 in Fighting
  7022 | D:6      | Killed Blork the orc
  7249 | D:6      | Noticed Hug's ghost (novice VSSh)
  7252 | D:6      | Found a runed translucent door.
  7406 | D:6      | Found Nievicw's Book Shoppe.
  7439 | D:6      | Reached XP level 10. HP: 71/77 MP: 0/0
  7471 | D:6      | Noticed Eustachio
  7474 | D:6      | Killed Eustachio
  7559 | D:6      | Reached * piety under Makhleb
  7738 | D:6      | Found a hazy altar of Hepliaklqana.
  8090 | D:7      | Found a basalt altar of Yredelemnul.
  8588 | D:7      | Reached skill level 9 in Fighting
  8763 | D:7      | Identified the +10 sling "Cyffal" {elec, rC+ Dex+3 Stlth+}
  9041 | D:7      | Identified the +1 robe of Vexation {rElec Str+3}
  9112 | D:7      | Found Gozag's Platinum Reserve.
  9116 | D:7      | Found an opulent altar of Gozag.
  9504 | D:8      | Reached skill level 10 in Fighting
  9645 | D:8      | Noticed Jeremiah
  9664 | D:8      | Reached ** piety under Makhleb
  9852 | D:8      | Identified the +1 robe of Ciqoji {rC+ Int+2 Archmagi}
  9940 | D:8      | Noticed an unseen horror
  9946 | D:8      | Killed an unseen horror
  9947 | D:8      | Reached XP level 11. HP: 51/86 MP: 0/0
  9947 | D:8      | Learned a level 4 spell: Dispel Undead
 10106 | D:8      | Found a white marble altar of Elyvilon.
 10106 | D:8      | Found a faded altar of an unknown god.
 10114 | D:8      | Found an iron altar of Okawaru.
 10116 | D:8      | Found a hide-covered altar of Uskayaw.
 10118 | D:8      | Found a faded altar of an unknown god.
 10201 | D:8      | Found a stormy altar of Qazlal.
 10316 | D:8      | Killed Jeremiah
 10597 | D:9      | Reached skill level 11 in Fighting
 10876 | D:9      | Found a shimmering altar of Xom.
 10921 | D:9      | Found a bloodstained altar of Trog.
 11405 | D:9      | Found an ornate altar of the Wu Jian Council.
 11448 | D:9      | Reached *** piety under Makhleb
 11706 | D:10     | Entered Level 10 of the Dungeon
 11785 | D:9      | Reached skill level 10 in Spellcasting
 11785 | D:9      | Reached skill level 10 in Conjurations
 11785 | D:9      | Reached skill level 10 in Hexes
 11785 | D:9      | Reached skill level 10 in Summonings
 11785 | D:9      | Reached skill level 10 in Necromancy
 11785 | D:9      | Reached skill level 10 in Translocations
 11785 | D:9      | Reached skill level 10 in Transmutations
 11785 | D:9      | Reached skill level 10 in Fire Magic
 11785 | D:9      | Reached skill level 10 in Ice Magic
 11785 | D:9      | Reached skill level 10 in Air Magic
 11785 | D:9      | Reached skill level 10 in Earth Magic
 11785 | D:9      | Reached skill level 10 in Poison Magic
 11895 | D:10     | Found a staircase to the Lair.
 11953 | D:10     | Found a glowing golden altar of the Shining One.
 12002 | D:10     | Found a flagged portal.
 12015 | Bailey   | Entered a bailey
 12326 | Bailey   | Reached skill level 12 in Fighting
 12548 | Bailey   | Reached **** piety under Makhleb
 12681 | Bailey   | Reached XP level 12. HP: 65/95 MP: 0/0
 12878 | Bailey   | Identified the +0 ring mail of Poor Excuses {Regen+ Stlth+}
 13211 | D:10     | Noticed Fannar
 13218 | D:10     | Killed Fannar
 13428 | D:10     | Reached skill level 13 in Fighting
 13495 | D:10     | Found a sparkling altar of Nemelex Xobeh.
 13560 | D:11     | Found Yhoynolu's Self-Published Books.
 13589 | D:11     | Found Monixta's Tiny Tomes.
 14002 | D:11     | Noticed Psyche
 14060 | D:11     | Killed Psyche
 14115 | D:11     | Noticed a two-headed ogre
 14119 | D:11     | Killed a two-headed ogre
 14120 | D:11     | Reached skill level 14 in Fighting
 14231 | D:11     | Noticed Erolcha
 14238 | Abyss:1  | Cast into level 1 of the Abyss (Erolcha)
 14339 | Abyss:1  | Noticed a wretched star
 14603 | Abyss:1  | Noticed a wretched star
 14687 | Abyss:1  | Noticed a balrug
 14768 | Abyss:1  | Noticed a tentacled starspawn
 14773 | Abyss:1  | Killed a tentacled starspawn
 14773 | Abyss:1  | Reached ***** piety under Makhleb
 14774 | Abyss:1  | Reached skill level 1 in Ranged Weapons
 14774 | Abyss:1  | Noticed a sun demon
 14775 | Abyss:1  | Noticed a sun demon
 14775 | Abyss:1  | Noticed a starcursed mass
 14780 | Abyss:1  | Noticed a sun demon
 14781 | Abyss:1  | Noticed a shadow wraith
 14785 | Abyss:1  | HP: 3/101 [crystal wall collision (14)]
 14786 | Abyss:1  | Killed from afar by a wretched star

Illustrated notes

Levels and vault maps discovered:
D:1:      kennysheep_arrival_seaside, layout_basic,
          dreamdust_ecumenical_altar_angels_and_demons
D:2:      layout_loops_corners
D:3:      layout_loops_ring, uniq_robin
D:4:      layout_basic, vehumet_statue
D:5:      layout_cave_pods, zin_statuary, minmay_temple_entry_gardened_gates,
          kennysheep_flooded_box, uniq_pikel, uniq_sigmund, uniq_ijyb,
          uniq_grinder, uniq_edmund
D:6:      layout_loops_cross, kennysheep_orc_sif_temple, bloody_makhleb,
          worldfamousw_hep_ancestral_shrine, serial_shops,
          nicolae_shop_behind_doors, hellmonk_ghost_happy_afterlife,
          hangedman_decor_points, minmay_checkerbox, uniq_blork_the_orc,
          uniq_eustachio
D:7:      layout_cave_pools, overflow_temple_1_default,
          nicolae_gozag_zags_fifth_avenue
D:8:      layout_cave_pools, mainiacjoe_overflow_alcove_1,
          chequers_temple_overflow_minitemple, serial_park,
          serial_park_tiny_pond, serial_park_square1
          [serial_park_minivault_5x5_4], serial_park_square2,
          minmay_fractal_squares_5, uniq_jeremiah
D:9:      layout_cave_pods, trog_three_pillars_becter,
          mainiacjoe_overflow_24_doors, xom_confusion_cloud
D:10:     layout_gridville, nemelex_spade_bored_becter, tso_altar,
          lair_entry_dummy, enter_bailey_5, chequers_garden, uniq_fannar
D:11:     layout_rooms, erik_orc_1, serial_shops,
          nicolae_shop_pleasant_corner_grove,
          nicolae_shop_i_like_small_books_too, nicolae_custom_books,
          billiards_dpeg, uniq_erolcha, uniq_psyche
Temple:   nicolae_temple_superstar
Abyss:1:  base:
D:4

Skill      XL: |  1  2  3  4  5  6  7  8  9 10 11 12 |
---------------+-------------------------------------+-----
Spellcasting   | 4 5 6 7 8 10 11 | 11.1
Conjurations   | 4 5 6 7 8 10 11 | 11.1
Hexes          | 4 5 6 7 8 10 11 | 11.1
Summonings     | 4 5 6 7 8 10 11 | 11.1
Necromancy     | 4 5 6 7 8 10 11 | 11.1
Translocations | 4 5 6 7 8 10 11 | 11.1
Transmutations | 4 5 6 7 8 10 11 | 11.1
Fire Magic     | 4 5 6 7 8 10 11 | 11.1
Ice Magic      | 4 5 6 7 8 10 11 | 11.1
Air Magic      | 4 5 6 7 8 10 11 | 11.1
Earth Magic    | 4 5 6 7 8 10 11 | 11.1
Poison Magic   | 4 5 6 7 8 10 11 | 11.1
Fighting       | 1 2 3 4 5 6 8 10 12 14 | 14.5
Stealth        | 2 3 |  3.7
Dodging        | 3 |  3.5
Ranged Weapons | 1 |  1.0

Action                     |  1- 3 |  4- 6 |  7- 9 | 10-12 || total
---------------------------+-------+-------+-------+-------++-------
  Melee: Dagger            |       |       |     1 |       ||     1
   Fire: Sling             |       |       |       |     2 ||     2
   Cast: Foxfire           |    82 |    74 |    85 |   304 ||   545
         Scorch            |     5 |     9 |    17 |    42 ||    73
         Inner Flame       |       |    28 |    64 |   167 ||   259
         Animate Armour    |       |       |     3 |     1 ||     4
         Jinxbite          |       |       |     2 |       ||     2
         Flame Wave        |       |       |       |     2 ||     2
         Volatile Blastmot |       |       |       |    13 ||    13
    Use: Potion            |     4 |     2 |     4 |     6 ||    16
         Scroll            |     3 |     4 |     4 |     8 ||    19
 Armour: Robe              |     6 |     7 |    22 |    68 ||   103
         Steam dragon scal |       |       |     1 |    23 ||    24
         Skin              |       |       |       |     1 ||     1
  Dodge: Dodged            |     2 |     4 |    12 |    65 ||    83

Table legend: (Time is in decaauts)
 A = Elapsed time spent in this place.
 B = Non-inter-level travel time spent in this place.
 C = Inter-level travel time spent in this place.
 D = Time resting spent in this place.
 E = Time spent auto-exploring this place.
 F = Levels seen in this place.
 G = Mean time per level.
                   A        B        C        D        E       F      G
               +--------+--------+--------+--------+--------+-----+--------+
         Total |  14779 |  14000 |    779 |    641 |  11420 |  14 | 1055.6 |
       Dungeon |  13111 |  12361 |    750 |    166 |  10571 |  11 | 1191.9 |
        Temple |     30 |      1 |     29 |      0 |      0 |   1 |   30.0 |
         Abyss |    552 |    552 |      0 |    475 |      0 |   1 |  552.0 |
        Bailey |   1084 |   1084 |      0 |      0 |    849 |   1 | 1084.0 |
               +--------+--------+--------+--------+--------+-----+--------+

Top non-repeatable levels by time:
     D:6: 2037 daAuts
     D:5: 1889 daAuts
     D:4: 1453 daAuts
     D:9: 1311 daAuts
     D:7: 1197 daAuts
     D:2: 1136 daAuts
  Bailey: 1084 daAuts
     D:1: 1019 daAuts
     D:3: 1000 daAuts
     D:8: 781 daAuts
    D:11: 680 daAuts
    D:10: 603 daAuts
 Abyss:1: 552 daAuts
  Temple: 30 daAuts
